 Dungeon Crawl Stone Soup version 0.19-a0-147-g6f47703 (webtiles) character file.

32 wvc the Chiller (level 3, 1/24 HPs)
             Began as a Merfolk Ice Elementalist on May 18, 2016.
             Quit the game on level 2 of the Dungeon.
             The game lasted 00:05:06 (1533 turns).

wvc the Chiller (Merfolk Ice Elementalist)          Turns: 1533, Time: 00:05:07

Health: 1/24       AC:  2    Str:  8    XL:     3   Next: 27%
Magic:  1/6        EV: 12    Int: 15    God:
Gold:   46         SH:  0    Dex: 14    Spells: 2 memorised, 2 levels left

rFire  . . .     SeeInvis .     (no weapon)
rCold  . . .     Gourm    .     a - +0 robe
rNeg   . . .     Faith    .     (no shield)
rPois  .         Spirit   .     (no helmet)
rElec  .         Dismiss  .     (no cloak)
rCorr  .         Reflect  .     (no gloves)
SustAt .         Harm     .     (no boots)
MR     .....     Rnd*Tele +     (no amulet)
Stlth  ++........               (no ring)
                                o - ring of teleportation (curse)

@: drained, not resistant to hostile enchantments, unstealthy
A: change form in water, swift swim
a: no special abilities


You were on level 2 of the Dungeon.
You were very hungry.

You visited 1 branch of the dungeon, and saw 2 of its levels.

You collected 46 gold pieces.

Inventory:

Missiles
 f - 36 stones (quivered)
 h - 22 poisoned needles
Armour
 a - a +0 robe (worn)
 n - a cursed +0 leather armour
Jewellery
 k - an uncursed amulet of harm
 o - a cursed ring of teleportation (left hand)
Scrolls
 e - 2 scrolls of teleportation
 i - a scroll of identify
 r - a scroll of enchant armour {unknown}
Potions
 d - a potion of heal wounds {unknown}
 j - a potion of brilliance
 l - 2 potions of curing
 p - a potion of agility {unknown}
Books
 b - a book of Frost

   Spells                             Type                      Level
   a - Freeze                         Ice                          1
   b - Throw Frost                    Conjuration/Ice              2
   c - Ozocubu's Armour               Charms/Ice                   3
   d - Throw Icicle                   Conjuration/Ice              4
   e - Summon Ice Beast               Ice/Summoning                4
 q - a book of Power

   Spells                             Type                      Level
   a - Fulminant Prism                Conjuration/Hexes            4
   b - Iskenderun's Mystic Blast      Conjuration                  4
   c - Venom Bolt                     Conjuration/Poison           5
   d - Bolt of Magma                  Conjuration/Fire/Earth       5
   e - Iron Shot                      Conjuration/Earth            6
   f - Orb of Destruction             Conjuration                  7
   g - Spellforged Servitor           Conjuration/Summoning        7
Comestibles
 c - 2 bread rations
 g - 8 fruits
 m - a meat ration


   Skills:
 - Level 2.6(1.6) Dodging
 - Level 2.1(1.1) Stealth
 + Level 2.2(1.1) Spellcasting
   Level 0.7(0.0) Conjurations
 * Level 4.5(3.4) Ice Magic


You had 2 spell levels left.
You knew the following spells:

 Your Spells              Type           Power        Failure   Level  Hunger
a - Freeze                Ice            ##..         8%          1    ##.....
b - Ozocubu's Armour      Chrm/Ice       #.......     34%         3    ####...


Dungeon Overview and Level Annotations

Branches:
Dungeon (2/15)

Altars:
Fedhas
Qazlal

Annotations:
D:2 Ijyb


Message History

You throw a stone. The stone hits the worm.
The worm is heavily wounded.
You are suddenly yanked towards a nearby monster!
Your surroundings suddenly seem different.
Ijyb the Twisted Goblin comes into view.
He is wielding a dagger of freezing.
Ijyb shouts!
Throwing (i - inventory):
f - 37 stones (quivered)
Press: ? - help, Shift-Dir - straight line, f - Ijyb
Aim: Ijyb, wielding a dagger of freezing and wearing a ring mail You throw a stone.
The stone closely misses Ijyb.
A ball python comes into view.
Found a scroll labeled WUNIHI DAKO.
Found a scroll labeled TIENKU FYCLEHAT.
You see here a scroll labeled WUNIHI DAKO.
r - a scroll labeled WUNIHI DAKO Ijyb hits you with a dagger of freezing.
* * * LOW HITPOINT WARNING * * *
Ijyb freezes you.
* * * LOW HITPOINT WARNING * * *
Are you sure you want to abandon this character and quit the game? (Confirm with "yes".)

#.# ## #.# .. #.#
.## # #.##..##.#
#..≈.....?
#..S...≈.. ... #.
#.....≈≈≈. .§§. #.
#.g..≈§≈§≈≈≈§§§.
#.
##@...≈≈§≈≈≈§.§.
#.
#....≈§_>≈≈≈§..##.
#...§≈≈⌠.≈≈≈≈≈....
#...≈≈≈≈≈≈§§§.....
#..≈≈≈≈§≈≈§≈§..#..
#...≈≈≈§≈.≈.......
#......§≈.......##
#...............#
.####
#...#.#......#


You could see Ijyb and a ball python.

Vanquished Creatures
  A dart slug (D:1)
  A ball python (D:2)
  3 bats (D:1)
  2 giant cockroaches (D:1)
  A goblin (D:1)
  4 hobgoblins
  4 jackals (D:1)
  7 kobolds
  A giant newt (D:1)
  3 rats
27 creatures vanquished.

Notes
Turn   | Place    | Note
--------------------------------------------------------------
     0 | D:1      | wvc the Merfolk Ice Elementalist began the quest for the Orb.
     0 | D:1      | Reached XP level 1. HP: 13/13 MP: 3/3
   324 | D:1      | Reached XP level 2. HP: 19/19 MP: 1/5
   350 | D:1      | Reached skill level 4 in Ice Magic
   881 | D:1      | Reached XP level 3. HP: 23/24 MP: 2/6
  1240 | D:2      | Found a blossoming altar of Fedhas.
  1265 | D:2      | Found a stormy altar of Qazlal.
  1310 | D:2      | Learned a level 3 spell: Ozocubu's Armour
  1522 | D:2      | Noticed Ijyb
  1532 | D:2      | HP: 1/24 [Ijyb/dagger of freezing (2)]
  1533 | D:2      | Quit the game

Vault maps used:
D:1:      dpeg_arrival_connections, hangedman_decor_peaks_small
D:2:      lemuel_crystal_altar, nicolae_qazlal_general_emergency,
          overflow_temple_1_default, first_bread, minmay_rat_gold_closets,
          uniq_iyjb

Skill      XL: |  1  2 |
---------------+-------+-----
Ice Magic      | 4 |  4.5
Dodging        | |  2.6
Stealth        | |  2.1
Spellcasting   | |  2.2
Conjurations   | |  0.7

Action                   || total
-------------------------++-------
Melee: Unarmed           ||    27
Throw: Stone             ||    12
 Cast: Freeze            ||    53
  Use: Scroll            ||     4
 Stab: Sleeping          ||     1
  Eat: Chunk             ||     2
Armor: Robe              ||    13
Dodge: Dodged            ||    53
